Bruins vs Checkers

Created - Wednesday, January 07, 2015 at 23:53

Goals
1 2 3 T
Bruins 0 0 0 0
Checkers 1 0 1 2
Shots
1 2 3 T
Bruins 11 5 11 27
Checkers 9 6 7 22

1st period

1. Checkers , Sami Salo 25 (Corey Locke, Cody Bass) at 7:46

Penalties :
Cody Bass (CHA) for Delaying the game (Minor) at 17:36

2nd period

No Goal

Penalties :
Andrew Campbell (CHA) for Fighting (Major) at 2:28, Brandon Alderson (Pro) for Fighting (Major) at 2:28, Blake Parlett (CHA) for Interference (Minor) at 2:45, Brian McGrattan (CHA) for Fighting (Major) at 5:22, Buddy Robinson (Pro) for Fighting (Major) at 5:22, J.T. Wyman (CHA) for Fighting (Major) at 5:29, Brandon Manning (Pro) for Fighting (Major) at 5:29

3rd period

2. Checkers , Sami Salo 26 (Corey Locke) at 7:26 (PP)

Penalties :
Blake Parlett (CHA) for Fighting (Major) at 0:11, Derek Dorsett (Pro) for Fighting (Major) at 0:11, Andrew Campbell (CHA) for Fighting (Major) at 0:20, Dmitry Korobov (Pro) for Fighting (Major) at 0:20, Farm Player48 (Pro) for Hooking (Minor) at 7:25, Brian McGrattan (CHA) for Fighting (Major) at 8:33, Derek Dorsett (Pro) for Fighting (Major) at 8:33, Brian McGrattan (CHA) for instigated a fight (Minor) at 8:33, Brian McGrattan (CHA) for instigated and being the aggresor in a fight (20 Minutes Game Misconduct) at 8:33, Triston Grant (CHA) for Fighting (Major) at 12:01, Brandon Manning (Pro) for Fighting (Major) at 12:01, Blake Parlett (CHA) for Holding (Minor) at 14:27

Goalie Stats

Carsen Chubak (Pro), 20 saves from 22 shots - (0.909), L, 3-3-2, 60:00 minutes
Drew MacIntyre (CHA), 27 saves from 27 shots - (1.000), W, 22-14-7, 60:00 minutes

Players Stats for Bruins

Player Name              G  A  P  +/- PIM S  H  SB GA TA FO     MP     PP MP  PK MP  
------------------------------------------------------------------------------------
Anton Lander             0  0  0   0  0   0  2  1  1  0  0/0     7:00   0:32   0:00 
Brandon Alderson         0  0  0  -1  5   0  0  0  0  0  0/1    18:10   1:37   0:00 
Brandon Manning          0  0  0  -1  10  0  2  1  0  0  0/0    20:50   2:11   0:01 
Buddy Robinson           0  0  0   0  5   0  0  0  0  0  0/0     4:09   0:00   0:00 
Conor Allen              0  0  0   0  0   2  0  0  0  1  0/0    25:53   4:22   0:00 
Derek Dorsett            0  0  0   0  10  3  4  0  4  1  0/2    18:19   2:54   0:01 
Dmitry Korobov           0  0  0   0  5   2  2  0  0  6  0/0    27:24   4:22   0:00 
Farm Player48            0  0  0   0  2   0  0  0  0  0  0/1    21:10   2:40   0:00 
Jake Newton              0  0  0   0  0   0  0  0  0  0  0/0     4:31   0:10   0:00 
Jim Slater               0  0  0   0  0   3  3  0  2  0  0/0     8:26   0:00   0:00 
Kael Mouillierat         0  0  0   0  0   2  1  2  1  1  7/13   18:34   4:03   0:00 
Magnus Nygren            0  0  0  -1  0   0  3  1  1  2  0/0    24:02   2:50   0:01 
Marc Hagel               0  0  0  -1  0   1  0  0  2  0  0/0    16:44   0:00   0:00 
Patrick Bordeleau        0  0  0   0  0   2  3  0  0  0  0/1    21:50   3:14   0:01 
Patrick Cehlin           0  0  0   0  0   2  3  0  3  0  0/0    20:23   3:53   0:00 
Scott Timmins            0  0  0  -1  0   2  1  0  1  0  4/7    20:15   2:59   0:00 
Simon Moser              0  0  0   0  0   0  0  1  0  0  0/0     1:49   0:00   0:00 
Tim Sestito              0  0  0   0  0   8  3  0  3  1  3/10   20:17   3:53   0:00 

Players Stats for Checkers

Player Name              G  A  P  +/- PIM S  H  SB GA TA FO     MP     PP MP  PK MP  
------------------------------------------------------------------------------------
Adam Brace               0  0  0   0  0   3  0  0  2  0  0/0    15:49   0:01   0:16 
Andrew Campbell          0  0  0   1  10  0  1  0  0  0  0/0    16:05   0:01   0:51 
Andrew Clark             0  0  0   0  0   0  0  0  5  0  4/10   17:52   0:00   3:55 
Blake Parlett            0  0  0   0  9   1  0  0  0  2  0/0    16:46   0:00   2:08 
Brian McGrattan          0  0  0   0  32  1  3  1  4  0  0/0    11:49   0:00   0:00 
Cody Bass                0  1  1   1  2   1  1  0  1  0  0/0    15:28   0:00   0:00 
Corey Locke              0  2  2   1  0   3  0  0  3  2  7/10   21:20   0:01   3:22 
J.T. Wyman               0  0  0   0  5   2  2  1  1  0  0/0    14:02   0:01   0:00 
Jim O'Brien              0  0  0   0  0   1  0  0  2  0  4/6    21:41   0:00   0:23 
Joshua Shalla            0  0  0   0  0   0  0  0  0  0  0/0     1:42   0:00   0:00 
Julien Brouillette       0  0  0   0  0   1  0  2  0  0  0/0    21:05   0:00   3:13 
Matt Pelech              0  0  0   0  0   0  0  0  0  0  0/0     1:50   0:00   0:00 
Mike Cornell             0  0  0   0  0   1  0  1  1  0  0/0    23:12   0:00   4:43 
Nick Crawford            0  0  0   0  0   0  1  3  0  4  0/0    23:35   0:00   4:57 
Sami Salo                2  0  2   1  0   6  0  2  2  2  0/0    18:59   0:01   0:00 
Sean Backman             0  0  0   0  0   2  0  1  1  1  1/1    19:03   0:00   4:18 
Taylor Matson            0  0  0   1  0   0  0  1  0  0  5/8    16:12   0:00   3:38 
Triston Grant            0  0  0   0  5   0  1  0  1  0  0/0    15:19   0:00   0:00 

3 Stars

1 - Drew MacIntyre (CHA)
2 - Sami Salo (CHA)
3 - Corey Locke (CHA)

Power Play

Bruins - 0 on 4 Attempt(s) - 0.00%
Checkers - 1 on 1 Attempt(s) - 100.00%

Penalty Kill

Bruins - 0 on 1 Attempt(s) - 0.00% - Score 0 goal in Penalty Kill
Checkers - 4 on 4 Attempt(s) - 100.00% - Score 0 goal in Penalty Kill

Team Stat

Bruins - Hits : 27 - Faceoff Wins : 14 - Blocked Shots : 6 - Penalty Minutes : 37
Checkers - Hits : 9 - Faceoff Wins : 21 - Blocked Shots : 12 - Penalty Minutes : 63

Official

Referees : Unknown
Linesman : Unknown

Game Notes

Simon Moser is injured at 5:13 of 1st period (Sprained Left Ankle)
Andrew Campbell and Brandon Alderson fight to a draw at 2:28 of 2nd period
Brian McGrattan beats up Buddy Robinson at 5:22 of 2nd period
Brandon Manning beats up J.T. Wyman at 5:29 of 2nd period
Derek Dorsett beats up Blake Parlett at 0:11 of 3rd period
Dmitry Korobov beats up Andrew Campbell at 0:20 of 3rd period
Brian McGrattan and Derek Dorsett fight to a draw at 8:33 of 3rd period
Brian McGrattan ejected from game at 8:33 of 3rd period
Brian McGrattan from Checkers is suspended for 1 game(s)
Triston Grant and Brandon Manning fight to a draw at 12:01 of 3rd period

Finance

Level 1 -- Attendance: 1540 (77.00%) -- Ticket Income $49,280
Level 2 -- Attendance: 719 (71.90%) -- Ticket Income $8,628
Total Attendance: 2259 (75.30%)
Total Ticket Income: $57,908
Other Income: $28,375
Total Income: $86,283

Bruins

5 vs 5 Forward 
   Center                   Left Wing                Right Wing               Time % Phy DF OF 
 1 Kael Mouillierat         Patrick Bordeleau        Derek Dorsett            35     1   2  2  
 2 Tim Sestito              Simon Moser              Patrick Cehlin           30     1   2  2  
 3 Scott Timmins            Marc Hagel               Brandon Alderson         22     1   2  2  
 4 Derek Dorsett            Jim Slater               Patrick Bordeleau        13     1   2  2  

5 vs 5 Defense 
   Defense                  Defense                                           Time % Phy DF OF 
 1 Dmitry Korobov           Conor Allen                                       35     1   2  2  
 2 Brandon Manning          Magnus Nygren                                     30     1   2  2  
 3 Farm Player48            Dmitry Korobov                                    22     1   2  2  
 4 Conor Allen              Dmitry Korobov                                    13     1   2  2  

PowerPlay Forward 
   Center                   Left Wing                Right Wing               Time % Phy DF OF 
 1 Kael Mouillierat         Patrick Bordeleau        Derek Dorsett            60     1   2  2  
 2 Tim Sestito              Simon Moser              Patrick Cehlin           40     1   2  2  

PowerPlay Defense
   Defense                  Defense                                           Time % Phy DF OF 
 1 Dmitry Korobov           Conor Allen                                       60     1   2  2  
 2 Brandon Manning          Magnus Nygren                                     40     1   2  2  

Penalty Kill 4 Players Forward 
   Center                   Wing                     Time % Phy DF OF 
 1 Derek Dorsett            Patrick Bordeleau        60     1   2  2  
 2 Kael Mouillierat         Tim Sestito              40     1   2  2  

Penalty Kill 4 Players Defense
   Defense                  Defense                  Time % Phy DF OF 
 1 Dmitry Korobov           Conor Allen              60     1   2  2  
 2 Brandon Manning          Magnus Nygren            40     1   2  2  

Penalty Kill - 3 Players Forward 
   Forward                                           Time % Phy DF OF 
 1 Derek Dorsett                                     60     1   2  2  
 2 Patrick Bordeleau                                 40     1   2  2  

Penalty Kill - 3 Players Defense
   Defense                  Defense                  Time % Phy DF OF 
 1 Dmitry Korobov           Conor Allen              60     1   2  2  
 2 Brandon Manning          Magnus Nygren            40     1   2  2  

4 vs 4 Forward 
   Center                   Wing                     Time % Phy DF OF 
 1 Derek Dorsett            Patrick Bordeleau        60     1   2  2  
 2 Kael Mouillierat         Tim Sestito              40     1   2  2  

4 vs 4 Defense
   Defense                  Defense                  Time % Phy DF OF 
 1 Dmitry Korobov           Conor Allen              60     1   2  2  
 2 Brandon Manning          Magnus Nygren            40     1   2  2  

Last Minutes Offensive
   Center                   Left Wing                Right Wing               Defense                  Defense                  
   Kael Mouillierat         Patrick Bordeleau        Derek Dorsett            Dmitry Korobov           Conor Allen              

Last Minutes Defensive
   Center                   Left Wing                Right Wing               Defense                  Defense                  
   Kael Mouillierat         Patrick Bordeleau        Derek Dorsett            Dmitry Korobov           Conor Allen              

Goaltenders
Starting : Carsen Chubak            
Backup : Jussi Olkinuora          

Extra Forwards
Normal : Scott Timmins, Brandon Alderson, Marc Hagel - PP : Scott Timmins, Brandon Alderson - PK : Marc Hagel
Extra Defensemen
Normal : Farm Player48, Dmitry Korobov, Conor Allen - PP : Farm Player48 - PK : Conor Allen, Dmitry Korobov
Penalty Shots
Derek Dorsett, Patrick Bordeleau, Kael Mouillierat, Tim Sestito, Scott Timmins

Checkers

5 vs 5 Forward 
   Center                   Left Wing                Right Wing               Time % Phy DF OF 
 1 Jim O'Brien              Triston Grant            Brian McGrattan          28     1   2  2  
 2 Corey Locke              Adam Brace               J.T. Wyman               27     1   2  2  
 3 Andrew Clark             Jim O'Brien              Sean Backman             25     1   2  2  
 4 Taylor Matson            Corey Locke              Cody Bass                20     1   2  2  

5 vs 5 Defense 
   Defense                  Defense                                           Time % Phy DF OF 
 1 Sami Salo                Andrew Campbell                                   35     1   2  2  
 2 Mike Cornell             Blake Parlett                                     35     1   2  2  
 3 Nick Crawford            Julien Brouillette                                30     1   2  2  
 4 Sami Salo                Andrew Campbell                                   0      1   2  2  

PowerPlay Forward 
   Center                   Left Wing                Right Wing               Time % Phy DF OF 
 1 Jim O'Brien              Triston Grant            Brian McGrattan          50     0   1  4  
 2 Corey Locke              Adam Brace               J.T. Wyman               50     0   1  4  

PowerPlay Defense
   Defense                  Defense                                           Time % Phy DF OF 
 1 Sami Salo                Andrew Campbell                                   50     0   1  4  
 2 Mike Cornell             Blake Parlett                                     50     0   1  4  

Penalty Kill 4 Players Forward 
   Center                   Wing                     Time % Phy DF OF 
 1 Taylor Matson            Corey Locke              50     0   4  1  
 2 Andrew Clark             Sean Backman             50     0   4  1  

Penalty Kill 4 Players Defense
   Defense                  Defense                  Time % Phy DF OF 
 1 Nick Crawford            Julien Brouillette       50     0   4  1  
 2 Mike Cornell             Blake Parlett            50     0   4  1  

Penalty Kill - 3 Players Forward 
   Forward                                           Time % Phy DF OF 
 1 Taylor Matson                                     50     0   5  0  
 2 Andrew Clark                                      50     0   5  0  

Penalty Kill - 3 Players Defense
   Defense                  Defense                  Time % Phy DF OF 
 1 Nick Crawford            Julien Brouillette       50     1   4  0  
 2 Mike Cornell             Blake Parlett            50     1   4  0  

4 vs 4 Forward 
   Center                   Wing                     Time % Phy DF OF 
 1 Jim O'Brien              Triston Grant            50     1   2  2  
 2 Corey Locke              J.T. Wyman               50     1   2  2  

4 vs 4 Defense
   Defense                  Defense                  Time % Phy DF OF 
 1 Sami Salo                Andrew Campbell          50     1   2  2  
 2 Mike Cornell             Blake Parlett            50     1   2  2  

Last Minutes Offensive
   Center                   Left Wing                Right Wing               Defense                  Defense                  
   Jim O'Brien              Triston Grant            Brian McGrattan          Blake Parlett            Sami Salo                

Last Minutes Defensive
   Center                   Left Wing                Right Wing               Defense                  Defense                  
   Jim O'Brien              Triston Grant            Brian McGrattan          Blake Parlett            Sami Salo                

Goaltenders
Starting : Drew MacIntyre           
Backup : Nathan Lawson            

Extra Forwards
Normal : Sean Backman, Cody Bass, Andrew Clark - PP : Sean Backman, Cody Bass - PK : Andrew Clark
Extra Defensemen
Normal : Mike Cornell, Andrew Campbell, Nick Crawford - PP : Mike Cornell - PK : Blake Parlett, Nick Crawford
Penalty Shots
Jim O'Brien, Andrew Clark, Triston Grant, Corey Locke, J.T. Wyman

% Time on Ice - Bruins

Lines # - Real PCT - Wanted PCT - Time Play
Normal Forward
1 - 28% - 35% - 14:31
2 - 35% - 30% - 18:01
3 - 22% - 22% - 11:28
4 - 15% - 13% - 8:03
Normal Defense
1 - 32% - 35% - 16:52
2 - 43% - 30% - 22:11
3 - 16% - 22% - 8:29
4 - 9% - 13% - 4:31
PP Forward
1 - 51% - 60% - 4:03
2 - 49% - 40% - 3:53
PP Defense
1 - 57% - 60% - 4:32
2 - 43% - 40% - 3:24
PK Forward
1 - 100% - 60% - 0:01
2 - 0% - 40% - 0:00
PK Defense
1 - 0% - 60% - 0:00
2 - 100% - 40% - 0:01
PK3 Forward
1 - 0% - 60%
2 - 0% - 40%
PK3 Defense
1 - 0% - 60%
2 - 0% - 40%
44 Forward
1 - 0% - 60%
2 - 0% - 40%
44 Defense
1 - 0% - 60%
2 - 0% - 40%
Last Minute Offensive  - 0:00
Last Minute Defensive  - 0:00
Total
Forward - 60:00
Defense - 60:00

% Time on Ice - Checkers

Lines # - Real PCT - Wanted PCT - Time Play
Normal Forward
1 - 34% - 28% - 17:34
2 - 28% - 27% - 14:48
3 - 21% - 25% - 10:42
4 - 17% - 20% - 8:59
Normal Defense
1 - 37% - 35% - 19:18
2 - 33% - 35% - 17:17
3 - 28% - 30% - 14:33
4 - 2% - 0% - 0:55
PP Forward
1 - 0% - 50% - 0:00
2 - 100% - 50% - 0:01
PP Defense
1 - 100% - 50% - 0:01
2 - 0% - 50% - 0:00
PK Forward
1 - 46% - 50% - 3:38
2 - 54% - 50% - 4:18
PK Defense
1 - 41% - 50% - 3:13
2 - 59% - 50% - 4:43
PK3 Forward
1 - 0% - 50%
2 - 0% - 50%
PK3 Defense
1 - 0% - 50%
2 - 0% - 50%
44 Forward
1 - 0% - 50%
2 - 0% - 50%
44 Defense
1 - 0% - 50%
2 - 0% - 50%
Last Minute Offensive  - 0:00
Last Minute Defensive  - 0:00
Total
Forward - 60:00
Defense - 60:00

Play by Play

1st period


0:01 of 1st period - Kael Mouillierat wins face-off versus Jim O'Brien in neutral zone.
0:12 of 1st period - Wrist shot by Derek Dorsett.
0:12 of 1st period - Stopped by Drew MacIntyre with a rebound.
0:49 of 1st period - Slapshot by Simon Moser.
0:49 of 1st period - Shot Blocked by Sami Salo.
1:03 of 1st period - Wrist shot by Simon Moser.
1:03 of 1st period - Shot Misses the Net.
1:05 of 1st period - Snap shot by Tim Sestito.
1:05 of 1st period - Stopped by Drew MacIntyre without a rebound.
1:06 of 1st period - Corey Locke wins face-off versus Brandon Alderson in Checkers zone.
1:13 of 1st period - Wrist shot by Scott Timmins.
1:13 of 1st period - Stopped by Drew MacIntyre with a rebound.
1:15 of 1st period - Snap shot by Magnus Nygren.
1:15 of 1st period - Shot Misses the Net.
1:27 of 1st period - Wrist shot by Scott Timmins.
1:27 of 1st period - Stopped by Drew MacIntyre with a rebound.
2:35 of 1st period - Taylor Matson is hit by Jim Slater and loses puck.
3:12 of 1st period - Snap shot by Brandon Alderson.
3:12 of 1st period - Shot Misses the Net.
3:14 of 1st period - Slapshot by Magnus Nygren.
3:14 of 1st period - Deflect By Scott Timmins.
3:14 of 1st period - Shot Blocked by Sami Salo.
3:14 of 1st period - Puck is out of play.
3:15 of 1st period - Scott Timmins wins face-off versus Corey Locke in Checkers zone.
4:02 of 1st period - Slapshot by Julien Brouillette.
4:02 of 1st period - Shot Misses the Net.
4:18 of 1st period - Nick Crawford is hit by Patrick Cehlin and loses puck.
4:49 of 1st period - Wrist shot by Jim O'Brien.
4:49 of 1st period - Shot Misses the Net.
4:59 of 1st period - Wrist shot by J.T. Wyman.
4:59 of 1st period - Stopped by Carsen Chubak without a rebound.
5:00 of 1st period - Sean Backman wins face-off versus Tim Sestito in Bruins zone.
5:07 of 1st period - Wrist shot by Adam Brace.
5:07 of 1st period - Stopped by Carsen Chubak with a rebound.
5:09 of 1st period - Slapshot by Mike Cornell.
5:09 of 1st period - Deflect By Tim Sestito.
5:09 of 1st period - Stopped by Carsen Chubak with a rebound.
5:11 of 1st period - Slapshot by Mike Cornell.
5:11 of 1st period - Shot Misses the Net.
5:13 of 1st period - Slapshot by Blake Parlett.
5:13 of 1st period - Shot Blocked by Simon Moser.
5:13 of 1st period - Simon Moser from Bruins is injured at 5:13 of 1st period (Sprained Left Ankle).
5:14 of 1st period - Andrew Clark wins face-off versus Kael Mouillierat in Bruins zone.
5:37 of 1st period - Slapshot by Sami Salo.
5:37 of 1st period - Deflect By Jim O'Brien.
5:37 of 1st period - Stopped by Carsen Chubak with a rebound.
6:10 of 1st period - Wrist shot by Corey Locke.
6:10 of 1st period - Shot Blocked by Kael Mouillierat.
6:12 of 1st period - Snap shot by Nick Crawford.
6:12 of 1st period - Shot Misses the Net.
6:14 of 1st period - Slapshot by Julien Brouillette.
6:14 of 1st period - Shot Misses the Net.
6:16 of 1st period - Snap shot by Adam Brace.
6:16 of 1st period - Stopped by Carsen Chubak with a rebound.
6:18 of 1st period - Snap shot by J.T. Wyman.
6:18 of 1st period - Deflect By Adam Brace.
6:18 of 1st period - Stopped by Carsen Chubak with a rebound.
6:20 of 1st period - Wrist shot by Corey Locke.
6:20 of 1st period - Stopped by Carsen Chubak with a rebound.
6:22 of 1st period - Slapshot by Adam Brace.
6:22 of 1st period - Shot Misses the Net.
6:24 of 1st period - Slapshot by Nick Crawford.
6:24 of 1st period - Shot Misses the Net.
7:46 of 1st period - Slapshot by Sami Salo.
7:46 of 1st period - Deflect By Scott Timmins.
7:46 of 1st period - Goal by Sami Salo - Bruins : 0 - Checkers : 1.
7:47 of 1st period - Tim Sestito wins face-off versus Corey Locke in neutral zone.
7:50 of 1st period - Sami Salo is hit by Tim Sestito.
7:56 of 1st period - Patrick Cehlin is hit by J.T. Wyman and loses puck.
9:10 of 1st period - Derek Dorsett is hit by Cody Bass and loses puck.
9:41 of 1st period - Wrist shot by Tim Sestito.
9:41 of 1st period - Stopped by Drew MacIntyre with a rebound.
9:43 of 1st period - Wrist shot by Tim Sestito.
9:43 of 1st period - Shot Misses the Net.
9:53 of 1st period - Taylor Matson is hit by Patrick Bordeleau and loses puck.
10:16 of 1st period - Slapshot by Patrick Cehlin.
10:16 of 1st period - Stopped by Drew MacIntyre with a rebound.
10:18 of 1st period - Slapshot by Dmitry Korobov.
10:18 of 1st period - Deflect By Tim Sestito.
10:18 of 1st period - Stopped by Drew MacIntyre with a rebound.
10:20 of 1st period - Snap shot by Tim Sestito.
10:20 of 1st period - Shot Misses the Net.
10:22 of 1st period - Snap shot by Tim Sestito.
10:22 of 1st period - Shot Misses the Net.
10:26 of 1st period - Wrist shot by Tim Sestito.
10:26 of 1st period - Shot Misses the Net.
10:28 of 1st period - Snap shot by Dmitry Korobov.
10:28 of 1st period - Deflect By Julien Brouillette.
10:28 of 1st period - Stopped by Drew MacIntyre without a rebound.
10:29 of 1st period - Tim Sestito wins face-off versus Jim O'Brien in Checkers zone.
11:13 of 1st period - Sean Backman is hit by Jim Slater and loses puck.
11:30 of 1st period - J.T. Wyman is hit by Brandon Manning.
12:08 of 1st period - Jim O'Brien is hit by Magnus Nygren and loses puck.
13:35 of 1st period - Wrist shot by Patrick Cehlin.
13:35 of 1st period - Stopped by Drew MacIntyre with a rebound.
13:37 of 1st period - Backhand shot by Patrick Cehlin.
13:37 of 1st period - Shot Blocked by Julien Brouillette.
13:39 of 1st period - Snap shot by Tim Sestito.
13:39 of 1st period - Shot Misses the Net.
13:41 of 1st period - Snap shot by Dmitry Korobov.
13:41 of 1st period - Shot Misses the Net.
14:13 of 1st period - J.T. Wyman is hit by Brandon Manning and loses puck.
14:28 of 1st period - Patrick Cehlin is hit by J.T. Wyman.
14:43 of 1st period - Slapshot by Sami Salo.
14:43 of 1st period - Shot Misses the Net.
15:11 of 1st period - Slapshot by Sami Salo.
15:11 of 1st period - Shot Misses the Net.
15:58 of 1st period - Wrist shot by Sean Backman.
15:58 of 1st period - Stopped by Carsen Chubak with a rebound.
16:13 of 1st period - Andrew Clark is hit by Magnus Nygren and loses puck.
16:58 of 1st period - Snap shot by Tim Sestito.
16:58 of 1st period - Stopped by Drew MacIntyre without a rebound.
16:59 of 1st period - Jim O'Brien wins face-off versus Tim Sestito in Checkers zone.
17:36 of 1st period - Minor Penalty to Cody Bass for Delaying the game.
17:37 of 1st period - Andrew Clark wins face-off versus Kael Mouillierat in Checkers zone.
17:44 of 1st period - Wrist shot by Derek Dorsett.
17:44 of 1st period - Stopped by Drew MacIntyre with a rebound.
17:46 of 1st period - Snap shot by Derek Dorsett.
17:46 of 1st period - Shot Blocked by Julien Brouillette.
17:48 of 1st period - Wrist shot by Kael Mouillierat.
17:48 of 1st period - Shot Misses the Net.
19:36 of 1st period - Penalty to Cody Bass is over, Cody Bass is back on ice.
19:45 of 1st period - Snap shot by Scott Timmins.
19:45 of 1st period - Shot Hit the Post.
19:53 of 1st period - Marc Hagel is hit by Triston Grant.
Goals for this period are 0 for Bruins vs 1 for Checkers.
Shots for this period are 11 for Bruins vs 9 for Checkers.

2nd period


0:01 of 2nd period - Kael Mouillierat wins face-off versus Andrew Clark in neutral zone.
0:37 of 2nd period - Off-side.
0:38 of 2nd period - Corey Locke wins face-off versus Tim Sestito in neutral zone.
0:41 of 2nd period - Tim Sestito is hit by Andrew Campbell and loses puck.
0:46 of 2nd period - Slapshot by Sami Salo.
0:46 of 2nd period - Stopped by Carsen Chubak without a rebound.
0:47 of 2nd period - Corey Locke wins face-off versus Tim Sestito in Bruins zone.
0:48 of 2nd period - Slapshot by Sami Salo.
0:48 of 2nd period - Deflect By Corey Locke.
0:48 of 2nd period - Shot Misses the Net.
0:48 of 2nd period - Puck is out of play.
0:49 of 2nd period - Corey Locke wins face-off versus Tim Sestito in Bruins zone.
0:50 of 2nd period - Backhand shot by Sami Salo.
0:50 of 2nd period - Shot Misses the Net.
1:08 of 2nd period - Wrist shot by Corey Locke.
1:08 of 2nd period - Stopped by Carsen Chubak without a rebound.
1:09 of 2nd period - Jim O'Brien wins face-off versus Kael Mouillierat in Bruins zone.
2:24 of 2nd period - Sami Salo is hit by Magnus Nygren and loses puck.
2:28 of 2nd period - Andrew Campbell and Brandon Alderson fight to a draw.
2:28 of 2nd period - Penalty to Andrew Campbell for Fighting.
2:28 of 2nd period - Penalty to Brandon Alderson for Fighting.
2:29 of 2nd period - Scott Timmins wins face-off versus Corey Locke in Checkers zone.
2:45 of 2nd period - Minor Penalty to Blake Parlett for Interference.
2:46 of 2nd period - Kael Mouillierat wins face-off versus Taylor Matson in Checkers zone.
2:50 of 2nd period - Snap shot by Derek Dorsett.
2:50 of 2nd period - Stopped by Drew MacIntyre with a rebound.
2:59 of 2nd period - Off-side.
3:00 of 2nd period - Andrew Clark wins face-off versus Kael Mouillierat in neutral zone.
4:36 of 2nd period - Wrist shot by Tim Sestito.
4:36 of 2nd period - Stopped by Drew MacIntyre with a rebound.
4:38 of 2nd period - Snap shot by Conor Allen.
4:38 of 2nd period - Stopped by Drew MacIntyre with a rebound.
4:45 of 2nd period - Penalty to Blake Parlett is over, Blake Parlett is back on ice.
5:05 of 2nd period - Triston Grant is hit by Derek Dorsett and loses puck.
5:16 of 2nd period - Dmitry Korobov is hit by Brian McGrattan and loses puck.
5:22 of 2nd period - Brian McGrattan beats up Buddy Robinson.
5:22 of 2nd period - Penalty to Brian McGrattan for Fighting.
5:22 of 2nd period - Penalty to Buddy Robinson for Fighting.
5:23 of 2nd period - Corey Locke wins face-off versus Farm Player48 in Checkers zone.
5:29 of 2nd period - Brandon Manning beats up J.T. Wyman.
5:29 of 2nd period - Penalty to J.T. Wyman for Fighting.
5:29 of 2nd period - Penalty to Brandon Manning for Fighting.
5:30 of 2nd period - Kael Mouillierat wins face-off versus Andrew Clark in Bruins zone.
5:58 of 2nd period - Wrist shot by Kael Mouillierat.
5:58 of 2nd period - Shot Misses the Net.
6:26 of 2nd period - Slapshot by Tim Sestito.
6:26 of 2nd period - Shot Misses the Net.
6:28 of 2nd period - Slapshot by Tim Sestito.
6:28 of 2nd period - Stopped by Drew MacIntyre with a rebound.
7:50 of 2nd period - Corey Locke is hit by Derek Dorsett and loses puck.
8:02 of 2nd period - Icing by Magnus Nygren.
8:03 of 2nd period - Taylor Matson wins face-off versus Scott Timmins in Bruins zone.
10:19 of 2nd period - Matt Pelech is hit by Patrick Bordeleau and loses puck.
10:41 of 2nd period - J.T. Wyman is hit by Scott Timmins and loses puck.
11:37 of 2nd period - Snap shot by Brian McGrattan.
11:37 of 2nd period - Stopped by Carsen Chubak without a rebound.
11:38 of 2nd period - Taylor Matson wins face-off versus Derek Dorsett in Bruins zone.
11:56 of 2nd period - Snap shot by J.T. Wyman.
11:56 of 2nd period - Stopped by Carsen Chubak with a rebound.
12:56 of 2nd period - Snap shot by Anton Lander.
12:56 of 2nd period - Shot Blocked by Brian McGrattan.
13:36 of 2nd period - Adam Brace is hit by Patrick Cehlin.
14:53 of 2nd period - Andrew Campbell is hit by Anton Lander and loses puck.
15:30 of 2nd period - Slapshot by Julien Brouillette.
15:30 of 2nd period - Stopped by Carsen Chubak with a rebound.
16:02 of 2nd period - Andrew Campbell is hit by Derek Dorsett and loses puck.
18:03 of 2nd period - Julien Brouillette is hit by Tim Sestito and loses puck.
18:24 of 2nd period - Blake Parlett is hit by Kael Mouillierat and loses puck.
18:56 of 2nd period - Slapshot by Sami Salo.
18:56 of 2nd period - Stopped by Carsen Chubak without a rebound.
18:57 of 2nd period - Andrew Clark wins face-off versus Scott Timmins in Bruins zone.
19:27 of 2nd period - Wrist shot by Jim Slater.
19:27 of 2nd period - Stopped by Drew MacIntyre with a rebound.
19:59 of 2nd period - Anton Lander is hit by Brian McGrattan and loses puck.
Goals for this period are 0 for Bruins vs 0 for Checkers.
Shots for this period are 5 for Bruins vs 6 for Checkers.

3rd period


0:01 of 3rd period - Kael Mouillierat wins face-off versus Andrew Clark in neutral zone.
0:11 of 3rd period - Derek Dorsett beats up Blake Parlett.
0:11 of 3rd period - Penalty to Blake Parlett for Fighting.
0:11 of 3rd period - Penalty to Derek Dorsett for Fighting.
0:12 of 3rd period - Kael Mouillierat wins face-off versus Taylor Matson in Checkers zone.
0:15 of 3rd period - Snap shot by Kael Mouillierat.
0:15 of 3rd period - Stopped by Drew MacIntyre with a rebound.
0:17 of 3rd period - Snap shot by Scott Timmins.
0:17 of 3rd period - Shot Misses the Net.
0:19 of 3rd period - Snap shot by Dmitry Korobov.
0:19 of 3rd period - Stopped by Drew MacIntyre with a rebound.
0:20 of 3rd period - Dmitry Korobov beats up Andrew Campbell.
0:20 of 3rd period - Penalty to Andrew Campbell for Fighting.
0:20 of 3rd period - Penalty to Dmitry Korobov for Fighting.
0:21 of 3rd period - Kael Mouillierat wins face-off versus Andrew Clark in Checkers zone.
0:52 of 3rd period - Snap shot by Patrick Bordeleau.
0:52 of 3rd period - Shot Misses the Net.
0:54 of 3rd period - Slapshot by Patrick Bordeleau.
0:54 of 3rd period - Shot Blocked by Mike Cornell.
0:56 of 3rd period - Slapshot by Scott Timmins.
0:56 of 3rd period - Shot Blocked by Nick Crawford.
1:14 of 3rd period - Mike Cornell is hit by Patrick Cehlin and loses puck.
1:58 of 3rd period - Conor Allen is hit by Brian McGrattan and loses puck.
3:02 of 3rd period - Slapshot by Andrew Clark.
3:02 of 3rd period - Shot Blocked by Brandon Manning.
3:21 of 3rd period - Icing by Scott Timmins.
3:22 of 3rd period - Taylor Matson wins face-off versus Patrick Bordeleau in Bruins zone.
3:27 of 3rd period - Snap shot by Corey Locke.
3:27 of 3rd period - Shot Misses the Net.
4:35 of 3rd period - Snap shot by Corey Locke.
4:35 of 3rd period - Shot Misses the Net.
4:37 of 3rd period - Wrist shot by Corey Locke.
4:37 of 3rd period - Shot Misses the Net.
4:41 of 3rd period - Wrist shot by J.T. Wyman.
4:41 of 3rd period - Shot Hit the Post.
4:57 of 3rd period - Slapshot by Sami Salo.
4:57 of 3rd period - Shot Blocked by Anton Lander.
5:07 of 3rd period - Wrist shot by Cody Bass.
5:07 of 3rd period - Shot Blocked by Kael Mouillierat.
5:09 of 3rd period - Wrist shot by Sami Salo.
5:09 of 3rd period - Deflect By Cody Bass.
5:09 of 3rd period - Stopped by Carsen Chubak without a rebound.
5:10 of 3rd period - Scott Timmins wins face-off versus Taylor Matson in Bruins zone.
5:23 of 3rd period - Slapshot by Jim Slater.
5:23 of 3rd period - Stopped by Drew MacIntyre without a rebound.
5:24 of 3rd period - Corey Locke wins face-off versus Scott Timmins in Checkers zone.
5:24 of 3rd period - Corey Locke is hit by Jim Slater.
5:30 of 3rd period - Brandon Manning is hit by Nick Crawford and loses puck.
6:01 of 3rd period - Sean Backman is hit by Tim Sestito and loses puck.
6:58 of 3rd period - Triston Grant is hit by Derek Dorsett.
7:10 of 3rd period - Slapshot by Sami Salo.
7:10 of 3rd period - Stopped by Carsen Chubak without a rebound.
7:11 of 3rd period - Jim O'Brien wins face-off versus Tim Sestito in Bruins zone.
7:25 of 3rd period - Minor Penalty to Farm Player48 for Hooking.
7:26 of 3rd period - Corey Locke wins face-off versus Derek Dorsett in Bruins zone.
7:26 of 3rd period - Slapshot by Sami Salo.
7:26 of 3rd period - Goal by Sami Salo - Bruins : 0 - Checkers : 2.
7:27 of 3rd period - Scott Timmins wins face-off versus Andrew Clark in neutral zone.
7:34 of 3rd period - Slapshot by Scott Timmins.
7:34 of 3rd period - Shot Blocked by Sean Backman.
7:48 of 3rd period - Slapshot by Sean Backman.
7:48 of 3rd period - Deflect By Scott Timmins.
7:48 of 3rd period - Stopped by Carsen Chubak with a rebound.
7:50 of 3rd period - Slapshot by Julien Brouillette.
7:50 of 3rd period - Shot Misses the Net.
8:33 of 3rd period - Brian McGrattan and Derek Dorsett fight to a draw.
8:33 of 3rd period - Penalty to Brian McGrattan for Fighting.
8:33 of 3rd period - Penalty to Derek Dorsett for Fighting.
8:33 of 3rd period - Penalty to Brian McGrattan for instigated a fight.
8:33 of 3rd period - Penalty to Brian McGrattan for instigated and being the aggresor in a fight.
8:33 of 3rd period - Brian McGrattan is ejected from game.
8:34 of 3rd period - Tim Sestito wins face-off versus Andrew Clark in Bruins zone.
9:35 of 3rd period - Wrist shot by Patrick Bordeleau.
9:35 of 3rd period - Stopped by Drew MacIntyre with a rebound.
9:37 of 3rd period - Wrist shot by Patrick Bordeleau.
9:37 of 3rd period - Shot Misses the Net.
10:25 of 3rd period - Andrew Clark is hit by Dmitry Korobov and loses puck.
10:33 of 3rd period - Penalty to Brian McGrattan is over, Cody Bass is send on ice.
10:47 of 3rd period - Snap shot by Patrick Bordeleau.
10:47 of 3rd period - Stopped by Drew MacIntyre with a rebound.
10:49 of 3rd period - Wrist shot by Scott Timmins.
10:49 of 3rd period - Shot Blocked by Nick Crawford.
10:51 of 3rd period - Slapshot by Jim Slater.
10:51 of 3rd period - Shot Blocked by Nick Crawford.
10:53 of 3rd period - Snap shot by Scott Timmins.
10:53 of 3rd period - Shot Misses the Net.
10:55 of 3rd period - Snap shot by Scott Timmins.
10:55 of 3rd period - Deflect By Jim Slater.
10:55 of 3rd period - Stopped by Drew MacIntyre with a rebound.
11:17 of 3rd period - Slapshot by Sami Salo.
11:17 of 3rd period - Shot Blocked by Magnus Nygren.
12:01 of 3rd period - Triston Grant and Brandon Manning fight to a draw.
12:01 of 3rd period - Penalty to Triston Grant for Fighting.
12:01 of 3rd period - Penalty to Brandon Manning for Fighting.
12:02 of 3rd period - Jim O'Brien wins face-off versus Tim Sestito in Bruins zone.
12:46 of 3rd period - Julien Brouillette is hit by Dmitry Korobov and loses puck.
13:06 of 3rd period - Snap shot by Tim Sestito.
13:06 of 3rd period - Stopped by Drew MacIntyre with a rebound.
13:28 of 3rd period - Julien Brouillette is hit by Patrick Bordeleau and loses puck.
13:41 of 3rd period - Wrist shot by J.T. Wyman.
13:41 of 3rd period - Shot Misses the Net.
13:43 of 3rd period - Slapshot by Corey Locke.
13:43 of 3rd period - Stopped by Carsen Chubak with a rebound.
13:45 of 3rd period - Snap shot by J.T. Wyman.
13:45 of 3rd period - Shot Misses the Net.
14:13 of 3rd period - Snap shot by Patrick Cehlin.
14:13 of 3rd period - Shot Misses the Net.
14:15 of 3rd period - Slapshot by Conor Allen.
14:15 of 3rd period - Deflect By Tim Sestito.
14:15 of 3rd period - Stopped by Drew MacIntyre with a rebound.
14:17 of 3rd period - Slapshot by Marc Hagel.
14:17 of 3rd period - Shot Blocked by J.T. Wyman.
14:27 of 3rd period - Minor Penalty to Blake Parlett for Holding.
14:28 of 3rd period - Taylor Matson wins face-off versus Kael Mouillierat in Checkers zone.
16:14 of 3rd period - Snap shot by Patrick Bordeleau.
16:14 of 3rd period - Shot Blocked by Taylor Matson.
16:16 of 3rd period - Wrist shot by Kael Mouillierat.
16:16 of 3rd period - Stopped by Drew MacIntyre with a rebound.
16:27 of 3rd period - Penalty to Blake Parlett is over, Blake Parlett is back on ice.
16:41 of 3rd period - Adam Brace is hit by Anton Lander and loses puck.
16:52 of 3rd period - Snap shot by Sami Salo.
16:52 of 3rd period - Stopped by Carsen Chubak with a rebound.
17:05 of 3rd period - Wrist shot by Marc Hagel.
17:05 of 3rd period - Stopped by Drew MacIntyre with a rebound.
17:33 of 3rd period - Snap shot by Blake Parlett.
17:33 of 3rd period - Stopped by Carsen Chubak without a rebound.
17:34 of 3rd period - Taylor Matson wins face-off versus Kael Mouillierat in Bruins zone.
19:28 of 3rd period - Wrist shot by Derek Dorsett.
19:28 of 3rd period - Shot Misses the Net.
19:54 of 3rd period - Wrist shot by Marc Hagel.
19:54 of 3rd period - Shot Misses the Net.
19:56 of 3rd period - Slapshot by Conor Allen.
19:56 of 3rd period - Deflect By J.T. Wyman.
19:56 of 3rd period - Stopped by Drew MacIntyre with a rebound.
19:58 of 3rd period - Slapshot by Jake Newton.
19:58 of 3rd period - Shot Misses the Net.
Goals for this period are 0 for Bruins vs 1 for Checkers.
Shots for this period are 11 for Bruins vs 7 for Checkers.


Output by the SimonT Hockey Simulator (STHS) for Eric Dolegowski -- Original Page W3C XHTML 1.0 Valid
Hockey Simulator - Hockey Simulation - Hockey Manager